 Dungeon Crawl Stone Soup version 0.31.0-9-g3a7656b989 (webtiles) character file.

Game seed: 3244714032142502062

11 Colgate the Covert (level 2, 29/29 HPs)
             Began as a Gnoll Delver on Feb 6, 2024.
             Quit the game on level 4 of the Dungeon.
             The game lasted 00:01:10 (80 turns).

Colgate the Covert (Gnoll Delver)                     Turns: 80, Time: 00:01:10

Health: 29/29      AC:  3    Str: 11    XL:     2   Next: 29%
Magic:  2/2        EV: 13    Int:  9    God:
Gold:   6          SH:  0    Dex: 13    Spells: 1/1 levels left

rFire   . . .        a - +0 short sword
rCold   . . .        (no shield)
rNeg    . . .        b - +0 leather armour
rPois   .            (no helmet)
rElec   .            (no cloak)
rCorr   .            (no gloves)
SInv    .            (no boots)
Will    .....        (no amulet)
Stlth   ++++         (no ring)
HPRegen 0.24/turn    (no ring)
MPRegen 0.08/turn

%: no passive effects
@: no status effects
A: fangs 1, strong nose, distributed training
a: no special abilities


You were on level 4 of the Dungeon.
You visited 1 branch of the dungeon, and saw 2 of its levels.

You collected 6 gold pieces.

Inventory:

Hand Weapons
 a - a +0 short sword (weapon)
Armour
 b - a +0 leather armour (worn)
Wands
 g - a wand of digging (3) {@v3}
Scrolls
 c - a scroll of fog
 e - 2 scrolls of fear
Potions
 f - a potion of haste {@q4}


   Skills:
 + Level 6.5 Fighting
 + Level 4.5 Short Blades
 + Level 0.4 Long Blades
 + Level 0.4 Axes
 + Level 0.4 Maces & Flails
 + Level 0.4 Polearms
 + Level 0.4 Staves
 + Level 0.4 Ranged Weapons
 + Level 0.4 Throwing
 + Level 0.4 Armour
 + Level 4.5 Dodging
 + Level 9.5 Stealth
 + Level 0.4 Shields
 + Level 0.4 Unarmed Combat
 + Level 0.4 Spellcasting
 + Level 0.2 Conjurations
 + Level 0.2 Hexes
 + Level 0.2 Summonings
 + Level 0.2 Necromancy
 + Level 0.2 Translocations
 + Level 0.2 Fire Magic
 + Level 0.2 Ice Magic
 + Level 0.2 Air Magic
 + Level 0.2 Earth Magic
 + Level 0.2 Alchemy
 + Level 0.5 Invocations
 + Level 0.4 Evocations
 + Level 0.3 Shapeshifting


You had one spell level left.
You didn't know any spells.
Your spell library was empty.

Dungeon Overview and Level Annotations

Branches:
Dungeon (5/15)
 Temple: D:4-7

Altars:
Elyvilon


Innate Abilities, Weirdness & Mutations

You have very sharp teeth.
Your uncanny sense of smell can sniff out nearby items.
Your experience applies equally to all skills.


Message History

There is a stone staircase leading up here.
There is a stone staircase leading up here.
You climb upwards.
Found 6 gold pieces and a scroll of fear.
There is a stone staircase leading down here.
The adder hisses angrily.
The adder barely misses you.
You hit the adder. Your bite misses the adder. The adder barely misses you.
You completely miss the adder. The adder bites you but does no damage.
You hit the adder but do no damage. You punch the adder.
The adder completely misses you.
You barely miss the adder. The adder barely misses you.
You closely miss the adder. The adder barely misses you.
You closely miss the adder. The adder bites you but does no damage.
You hit the adder. The adder bites you but does no damage.
You completely miss the adder. The adder closely misses you.
You miss the adder. The adder bites you but does no damage.
You hit the adder. The adder bites you but does no damage.
You hit the adder. The adder bites you but does no damage.
You hit the adder.
You kill the adder!
You have reached level 2!
e - 2 scrolls of fear (gained 1)
You now have 6 gold pieces.
There is a stone staircase leading down here.
Okay, then.
You climb downwards.
There is a stone staircase leading up here.
You climb upwards.
There is a stone staircase leading down here.
As you read the scroll of revelation, it crumbles to dust.
You feel aware of your surroundings.
You sensed 1 altar.
Found 2 poisoned darts and 16 gold pieces.
Unknown command.
Found a white marble altar of Elyvilon.
A hound comes into view.
There is a white marble altar of Elyvilon here.
Saving game... please wait.
Welcome back, Colgate the Gnoll Delver.
Are you sure you want to abandon this character and quit the game? (Confirm with "yes".)

.######>..######,**,,,,,,,,,,,,,*
.######.......#...#,*,**,,,,,,,,*
..............#.P.*,*,**,,,,,,,,*
..............#...*∆,,,∆,,,,,,,,*
..............##.#**,***,,,,,,,,*
.####.#........#.#,*,* *,,,,,,,,*
.####.#.########.##,*****,,,,,,,*
.####.#.#...###...###...*********
.####.#...P.....@.....P.,,** ,#
#...#...###...###.h.*,,*
,***#.#.##### ##.##*******,******
,,,*#.#..,* #.# *,,,,**,*,,,,,
*,,,.,..#** ***#.#**,**,**,*,*,,,
*,*##*#.# *,*...**,**,**,*,*,*,
,,* #.#****,*.P.**,,,,,,,,,,,*,
,,* #.,,,,,,*...#*********,***,
,,* *,,*******,** *,***,


You could see a hound (wandering).

Vanquished Creatures
  An adder (D:4)
  A hobgoblin (D:5)
  A kobold (D:5)
3 creatures vanquished.

Notes
Turn   | Place    | Note
-------+----------+-------------------------------------------
     0 | D:5      | Reached skill level 9 in Stealth
     0 | D:5      | Colgate the Gnoll Delver began the quest for the Orb.
     0 | D:5      | Reached XP level 1. HP: 23/23 MP: 1/1
    43 | D:4      | Reached XP level 2. HP: 29/29 MP: 2/2
    72 | D:4      | Found a white marble altar of Elyvilon.
    80 | D:4      | Quit the game

Illustrated notes

Levels and vault maps discovered:
D:4:      layout_loops_cross, elyvilon_altar_1, ebering_dispersal_statue_hall
D:5:      layout_loops_cross, jmf_multi_god_temple2, minmay_misc_feat_roman,
          dk_noncrumbling_2, uniq_crazy_yiuf_cottage

Skill      XL: | |
---------------+-+-----
Stealth        | |  9.5
Fighting       | |  6.5
Short Blades   | |  4.5
Long Blades    | |  0.4
Axes           | |  0.4
Maces & Flails | |  0.4
Polearms       | |  0.4
Staves         | |  0.4
Ranged Weapons | |  0.4
Throwing       | |  0.4
Armour         | |  0.4
Dodging        | |  4.5
Shields        | |  0.4
Unarmed Combat | |  0.4
Spellcasting   | |  0.4
Conjurations   | |  0.2
Hexes          | |  0.2
Summonings     | |  0.2
Necromancy     | |  0.2
Translocations | |  0.2
Fire Magic     | |  0.2
Ice Magic      | |  0.2
Air Magic      | |  0.2
Earth Magic    | |  0.2
Alchemy        | |  0.2
Invocations    | |  0.5
Evocations     | |  0.4
Shapeshifting  | |  0.3

Action                     || total
---------------------------++-------
  Melee: Short sword       ||    24
         Punch             ||     1
         Bite              ||     1
    Use: Scroll            ||     1
 Armour: Leather armour    ||     9
  Dodge: Dodged            ||    18
